[Event "5th Sharjah Masters 2022"]
[Site "Sharjah"]
[Date "2022.05.22"]
[Round "2.38"]
[White "Ortega Amarelle, Mariano"]
[Black "Farahat, Ali"]
[Result "1-0"]
[ECO "D02"]
[WhiteElo "2476"]
[BlackElo "2381"]
[Annotator "TA"]
[PlyCount "113"]
[EventDate "2022.05.21"]
[EventType "swiss"]
[EventCountry "UAE"]
[SourceTitle "playchess.com"]
[Source "ChessBase"]
[SourceQuality "1"]
[TimeControl "5400+30"]

1. d4 d5 2. Bf4 Nf6 3. e3 c5 4. Nf3 Nc6 5. Nbd2 g6 6. dxc5 {[%emt 0:01:28] D02: 1 d4 d5 2 Nf3 sidelines, including 2...Nf6 3 g3 and 2...Nf6 3 Bf4.} Bg7 7. c3 Nh5 8. Bg5 {[%emt 0:05:17] White is slightly better.} h6 9. Bh4 {[%emt 0:00:11] [#]} Qd7 $146 ({Predecessor:} 9... g5 10. Nd4 gxh4 11. Qxh5 e6 12. Bb5 Bd7 13. Bxc6 bxc6 14. f4 e5 15. Nf5 Bxf5 16. Qxf5 {0-1 (43) Gorozhanin,M (2408)-Tari,A (2584) Chess.com INT 2017}) 10. Nd4 e5 11. Nb5 O-O 12. Be2 b6 13. Nb3 Nf6 14. Bxf6 Bxf6 15. Nd6 d4 (15... Ne7 $14) 16. O-O {[%emt 0:01:18][%cal Re3d4] White is more active.} Bg7 (16... bxc5 $16 17. Ne4 Be7) 17. cxd4 exd4 18. exd4 bxc5 19. dxc5 Bxb2 20. Rb1 Bg7 21. Bb5 a6 22. Bc4 Qc7 (22... Ra7 $16 23. Re1 Qd8) 23. Re1 Bd7 (23... Rb8 {is a better defense.} 24. Qd2 a5) 24. Qd3 $18 Kh7 25. Bxf7 Rxf7 26. Nxf7 {[%emt 0:00:04] Pair of Knights!} Bf5 27. Qd6 Qxd6 28. Nxd6 Bxb1 29. Rxb1 a5 30. a4 Rf8 (30... Rb8 {was worth a try.} 31. Nb5 Re8) 31. Nd2 Nb4 32. N2e4 Bd4 33. Rd1 Nc6 34. Kf1 h5 35. f3 Kh6 {[%emt 0:00:06] Inhibits Ng5.} 36. h3 h4 37. Nb5 Bg7 38. Rd7 {[%emt 0:01:38] White is clearly winning.} Ne5 39. Ra7 g5 40. Rxa5 g4 41. hxg4 h3 42. Ra6+ Ng6 43. gxh3 Rxf3+ 44. Kg2 Re3 45. Nbd6 Kh7 46. Ng5+ Kg8 47. Ra8+ Bf8 48. c6 {[%emt 0:00:46] [#] Black must now prevent c7.} Rc3 49. Ne6 {[%emt 0:01:14] c7 is the strong threat.} Rxc6 50. Nxf8 Nxf8 {[%emt 0:00:02][%mdl 4096] Endgame KRN-KRN} 51. Ne4 Kg7 52. Ra7+ Kh6 53. h4 Rc2+ 54. Kf3 {[%emt 0:00:26] [#] White threatens g5+ and mate.} Rb2 55. a5 Rb3+ 56. Ke2 Ne6 57. Ra6 {[%emt 0:00:10] Weighted Error Value: White=0.12 (very precise) /Black=0.33} 1-0

[Event "5th Sharjah Masters 2022"]
[Site "Sharjah"]
[Date "2022.05.22"]
[Round "2.39"]
[White "Ammar, Sedrani"]
[Black "Gunina, Valentina"]
[Result "0-1"]
[ECO "D00"]
[WhiteElo "2255"]
[BlackElo "2471"]
[Annotator "TA"]
[PlyCount "42"]
[EventDate "2022.05.21"]
[EventType "swiss"]
[EventCountry "UAE"]
[SourceTitle "playchess.com"]
[Source "ChessBase"]
[SourceQuality "1"]
[TimeControl "5400+30"]

1. d4 d5 2. Bf4 c5 3. e3 Nc6 4. Nc3 Bf5 5. Nf3 e6 6. a3 {[%emt 0:11:09] D00: 1 d4 d5: Unusual lines.} Nf6 7. dxc5 Bxc5 8. h3 {[%emt 0:01:32] Black is slightly better.} O-O 9. Bd3 Bxd3 {[%emt 0:00:30] [#]} 10. Qxd3 $146 ({Predecessor:} 10. cxd3 a6 11. O-O h6 12. d4 Ba7 13. Ne5 Ne7 14. Qb3 b5 15. Rac1 Nh5 16. Bh2 {0-1 (42) Venturas,B (554)-Tolnai,R (807) LSS email 2019}) 10... Re8 11. Bg5 h6 12. Bh4 Bd6 13. O-O-O {[%emt 0:03:37] [#]} (13. O-O $15) 13... Rc8 $1 $17 14. Bg3 (14. Nd2 $17) 14... Bxg3 $19 15. fxg3 Qc7 16. g4 (16. e4 $17) 16... a6 (16... b5 $19 {is more deadly. aiming for ...b4.} 17. Nxb5 Qb6) 17. Rhf1 (17. e4 $17 {was the only defense.}) 17... b5 18. g5 hxg5 19. Nxg5 Qg3 ({Better is} 19... Ne5 $19 20. Qd4 Nc4 21. Rxf6 gxf6 22. Qxf6 Qe7) 20. Rxf6 $17 {[%emt 0:00:30] [#] White threatens Qh7+ and mate.} Qxg5 21. Rf4 Qg3 {[%emt 0:04:53] Weighted Error Value: White=0.29 (precise) /Black=0.19 (very precise)} (21... Ne5 $142 22. Qe2 Nc4) 0-1

[Event "5th Sharjah Masters 2022"]
[Site "Sharjah"]
[Date "2022.05.22"]
[Round "2.40"]
[White "Nikolov, Momchil"]
[Black "Vogt, Lothar"]
[Result "1/2-1/2"]
[ECO "E71"]
[WhiteElo "2454"]
[BlackElo "2365"]
[Annotator "TA"]
[PlyCount "73"]
[EventDate "2022.05.21"]
[EventType "swiss"]
[EventCountry "UAE"]
[SourceTitle "playchess.com"]
[Source "ChessBase"]
[SourceQuality "1"]
[TimeControl "5400+30"]

1. d4 Nf6 2. c4 g6 3. Nc3 Bg7 4. e4 d6 5. h3 O-O 6. Be3 e5 7. d5 a5 8. g4 {[%emt 0:02:12] E71: King's Indian: 4 e4 d6 5 h3.} Na6 9. Nge2 h5 10. g5 {[%emt 0:11:18] White is slightly better.} Nh7 (10... Nd7 $11) 11. Qd2 $14 f5 {[%emt 0:07:54] White must now prevent ...f4.} 12. gxf6 Qxf6 13. O-O-O Bd7 14. Rg1 {[%emt 0:12:10] [#]} Kh8 $146 ({Predecessor:} 14... a4 15. Kb1 Rfb8 16. Nc1 b6 17. Be2 Kh8 18. h4 Nc5 19. Rg2 Qxh4 20. Rxg6 Nxe4 21. Nxe4 {½-½ (59) Hristovski,S (2139)-Slavkovic,U (1794) Skopje 2019}) 15. f4 Bh6 16. fxe5 Bxe3 17. Qxe3 (17. exf6 Bxd2+ 18. Rxd2 (18. Kxd2 Rxf6 19. Bg2 Nc5 $11) 18... Rxf6 $11) 17... dxe5 18. Kb1 Be8 (18... g5 $14) 19. Nc1 $16 b6 20. d6 {[%emt 0:12:39] White is more active.} Rd8 21. dxc7 Nxc7 22. Rxd8 (22. Nd5 $18 Nxd5 23. cxd5) 22... Qxd8 23. Qxb6 Qd4 24. Qxd4 (24. Qxc7 Qxg1 25. Qxe5+ Kg8 $14) 24... exd4 25. Nb5 Ne6 26. Nb3 Bc6 (26... Nf6 $16) 27. Nd6 $2 (27. N3xd4 $6 Bxe4+ 28. Kc1 Nhg5 $16) ({Better is} 27. Bd3 $18) 27... Nhg5 28. Nxa5 Ba8 29. Bd3 (29. Bg2 $14 {stays ahead.}) 29... Rf3 (29... Nxh3 $17 30. Rxg6 Nef4) 30. Rd1 (30. h4 $11 {keeps the balance.}) 30... Rf8 $2 {[%emt 0:00:30] [#]} (30... Nxh3 $17 {keeps the pressure on. ...Nf2 is the strong threat.} 31. b4 Nf2) 31. Rg1 $2 (31. h4 $1 $16 {[%cal Rh4g5] and life is bright.} Nf3 32. b4) 31... Nf3 (31... Nxh3 $17 32. Rxg6 Nef4) 32. Rd1 (32. Rxg6 Nf4 33. e5 (33. Rh6+ $2 Kg7 $19) 33... Nxe5 34. Rh6+ Kg7 35. Rh7+ Kg8 $19) 32... Nf4 $2 (32... Nfg5 $1 $11 {and Black has nothing to worry.}) 33. c5 {[%emt 0:00:30][%cal Bc4c5,Bc5c6][%mdl 32] aiming for Bf1.} Nxh3 {[%emt 0:00:30] [#]} 34. Be2 $2 (34. c6 $1 $18 {[%cal Rc6c7] And now c7 would win.} Nf2 35. c7) 34... Ne5 (34... Nf2 $5 35. Bxf3 Rxf3 $16) 35. Rxd4 {[%emt 0:00:30] Strongly threatening Ndc4.} (35. Nac4 $5 Nd7 36. Nb6 (36. Rxd4 Nf4 $14) 36... Nxc5 37. Rxd4 $14 (37. Nxa8 d3 $11)) 35... Rf2 $2 ({Black should play} 35... h4 $14) 36. Bb5 $18 {[%emt 0:00:30] Hoping for c6.} Nf4 37. c6 {[%emt 0:00:30][%mdl 32768] Weighted Error Value: White=0.50/Black=0.67. An unexpected result.} 1/2-1/2

[Event "5th Sharjah Masters 2022"]
[Site "Sharjah"]
[Date "2022.05.23"]
[Round "3.1"]
[White "Idani, Pouya"]
[Black "Sindarov, Javokhir"]
[Result "1/2-1/2"]
[ECO "C83"]
[WhiteElo "2635"]
[BlackElo "2609"]
[Annotator "TA"]
[PlyCount "94"]
[EventDate "2022.05.21"]
[EventType "swiss"]
[EventCountry "UAE"]
[SourceTitle "playchess.com"]
[Source "ChessBase"]
[SourceQuality "1"]
[TimeControl "5400+30"]

1. e4 e5 2. Nf3 Nc6 3. Bb5 a6 4. Ba4 Nf6 5. O-O Nxe4 6. d4 b5 7. Bb3 d5 8. dxe5 Be6 9. c3 Be7 10. Be3 O-O 11. Nbd2 Bg4 $1 {[%emt 0:00:16][%mdl 4] is recently more successful than 11...Qd7.} 12. h3 {[%emt 0:01:19] C83: Open Ruy Lopez: 9 c3 Be7.} Nxd2 13. hxg4 Nxf1 14. Kxf1 {[%emt 0:00:03] The position is equal.} Na5 15. Bxd5 c6 16. Be4 Qxd1+ 17. Rxd1 Nc4 18. Bc1 Rad8 19. Re1 c5 20. g3 Nb6 21. Kg2 {[%emt 0:01:37] [#]} Nd5 $146 ({Predecessor:} 21... Rd7 22. Bc2 Re8 23. Bf5 Rdd8 24. Be4 Nd5 25. Bd2 c4 {0-1 (62) Harikrishna,P (2719)-Tabatabaei,M (2623) Belgrade 2022}) 22. g5 Nc7 23. Nh4 Ne6 24. f4 g6 {[%emt 0:00:28] Against Nf5} 25. Nf3 c4 26. f5 gxf5 27. Bxf5 Rfe8 $1 28. Rh1 Nf8 $1 29. Be3 Rd5 30. Be4 {[%emt 0:01:52] This bishop pair is nice.} Rd7 31. Bd4 Red8 32. Rh6 Ne6 (32... a5 $11) 33. Bxh7+ $16 Kg7 34. Bf5 Nxg5 {[%emt 0:03:01] [#]} 35. Nxg5 $1 Bxg5 36. Rh7+ Kg8 37. e6 (37. Rh5 $5 Bc1 38. Bxd7 Rxd7 39. b4 $14) 37... Rxd4 38. exf7+ Kf8 39. cxd4 Rxd4 $11 {[%emt 0:00:02][%mdl 4096] Endgame KRB-KRB} 40. Bg6 {[%emt 0:04:11] [#] Threatening mate with Rh8+.} Bf6 {[%emt 0:00:09] Prevents Rh8+.} 41. Rh5 Rg4 42. Bf5 Rg5 (42... Rd4 $11) 43. Rxg5 $14 Bxg5 44. Bc8 $1 a5 ({Black should play} 44... b4 $1 $14) 45. Ba6 $16 {[%emt 0:00:12] White is clearly better.} Bf6 46. Bxb5 Bxb2 (46... Kxf7 $16 47. Bxc4+ Kg6) 47. Bxc4 $18 a4 {[%emt 0:00:13] Weighted Error Value: White=0.04 (flawless) /Black=0.12 (very precise)} 1/2-1/2

[Event "5th Sharjah Masters 2022"]
[Site "Sharjah"]
[Date "2022.05.23"]
[Round "3.2"]
[White "Iskandarov, Misratdin"]
[Black "Indjic, Aleksandar"]
[Result "1-0"]
[ECO "B51"]
[WhiteElo "2601"]
[BlackElo "2621"]
[Annotator "TA"]
[PlyCount "81"]
[EventDate "2022.05.21"]
[EventType "swiss"]
[EventCountry "UAE"]
[SourceTitle "playchess.com"]
[Source "ChessBase"]
[SourceQuality "1"]
[TimeControl "5400+30"]

1. e4 c5 2. Nf3 d6 3. Bb5+ Nd7 4. O-O (4. Ba4 Ngf6 5. O-O e6 6. Re1 a6 7. c4 Be7 8. Nc3 O-O 9. d4 cxd4 10. Nxd4 Qc7 11. Bb3 Ne5 12. Qe2 Bd7 13. Bf4 Rac8 14. Rac1 Kh8 15. Nf3 Nxc4 16. Nb1 b5 {0-1 (43) Iskandarov,M (2601)-Indjic,A (2621) Tashkent 2022}) 4... a6 5. Bd3 Ngf6 6. Re1 {[%emt 0:00:08] B51: Sicilian: Moscow Variation (3 Bb5+) without 3...Bd7.} e6 7. Bf1 b6 8. d4 {[%emt 0:15:36] The position is equal.} cxd4 9. Nxd4 Bb7 10. f3 {[%emt 0:00:21] [#]} Rc8 $5 $146 {[%emt 0:07:54][%mdl 8] New and interesting.} ({Predecessor:} 10... Be7 11. c4 O-O 12. Nc3 Rc8 13. Qd2 Qc7 14. b3 Rfd8 15. Ba3 Bf8 16. Rac1 Qb8 {0-1 (75) Kovalev,V (2623)-Martinez Alcantara,J (2591) Chess.com INT 2022}) 11. c4 Be7 12. b3 h5 13. Bb2 g5 14. Nc3 Ne5 15. Qd2 Rg8 16. Rad1 h4 17. Nd5 exd5 $17 18. exd5 Nfd7 (18... Nh5 $1 $17 19. Bd3 Nf4) 19. Nf5 $15 Bf8 20. b4 (20. h3 $11 {remains equal.}) 20... Qf6 21. Nd4 (21. Bd3 $142) 21... Bh6 $17 22. Re4 Kf8 $1 23. Bd3 b5 (23... Nxc4 24. Bxc4 Ne5 25. Nc6 $18) 24. cxb5 Bxd5 25. Nf5 h3 $2 (25... Qxf5 $2 26. Rxe5 $1 Qf4 27. Qxf4 (27. Rxd5 Qxd2 28. Rxd2 g4 $16) 27... gxf4 28. Rxd5 $18) (25... Bxe4 $19 26. fxe4 Rg6 27. bxa6 g4 28. Nxh6 Rxh6) 26. Rd4 $11 Be6 (26... Bxa2 $2 27. Rxd6 Be6 28. bxa6 hxg2 29. Be4 $18 (29. Qxg2 g4 $15)) 27. Rxd6 hxg2 (27... axb5 $1 $11 28. Rxe6 Qxe6 29. Bxb5 Bg7 30. Bxe5 (30. Bxd7 Nxd7 31. Bxg7+ Rxg7 $15) 30... Bxe5 31. Bxd7 Qb6+ 32. Kh1 hxg2+ 33. Kxg2 Rd8) 28. Be4 $1 $16 Qxf5 $2 29. Bxf5 $2 $40 {[%emt 0:01:56][%mdl 128] White goes for the king. Really sharp!} (29. Rxd7 $1 $18 {and the rest is easy. Intending Qd6+ and mate.} Nc4 30. Bxf5 Nxd2 31. R7xd2 (31. Bxe6 fxe6 32. R1xd2 g4 $18)) 29... Nxf3+ 30. Kxg2 Nxd2 {[%emt 0:07:02] Pair of Knights!} 31. Bxe6 Ne4 $2 32. Rc6 $18 Rxc6 33. bxc6 fxe6 34. Rxd7 Ke8 35. Be5 $1 ({And not} 35. Kf3 Nd2+ 36. Ke2 (36. Rxd2 $2 g4+ 37. Ke2 Bxd2 $19) 36... Nc4 $11) 35... Rf8 36. Rd4 $1 Rf2+ {[%emt 0:00:23] [#]} 37. Kg1 $1 Rc2 {[%emt 0:01:03] [#] aiming for ...Nc3.} (37... Re2 $2 38. c7 Rc2 39. Rd8+ Kf7 40. c8=Q Rxc8 41. Rxc8) 38. c7 $1 ({Worse is} 38. Rxe4 Rxc6 39. Kf2 Rc2+ 40. Re2 Rc4 $11) 38... Kf7 39. Rxe4 {[%emt 0:02:03] Hoping for Re3.} Bg7 40. Bd6 {[%emt 0:01:01] Strongly threatening Bc5.} ({Don't do} 40. Bxg7 $6 Kxg7 41. Rxe6 a5) 40... e5 $2 (40... Bf8 $18) 41. Bc5 {[%emt 0:00:07] Weighted Error Value: White=0.21 (precise) /Black=0.55} 1-0

[Event "5th Sharjah Masters 2022"]
[Site "Sharjah"]
[Date "2022.05.23"]
[Round "3.3"]
[White "Sadhwani, Raunak"]
[Black "Gupta, Abhijeet"]
[Result "0-1"]
[ECO "C50"]
[WhiteElo "2619"]
[BlackElo "2606"]
[Annotator "TA"]
[PlyCount "80"]
[EventDate "2022.05.21"]
[EventType "swiss"]
[EventCountry "UAE"]
[SourceTitle "playchess.com"]
[Source "ChessBase"]
[SourceQuality "1"]
[TimeControl "5400+30"]

1. e4 e5 2. Nf3 Nc6 3. Bc4 Nf6 4. d3 Bc5 5. a4 a6 6. O-O {[%emt 0:01:06] C50: Hungarian Defence and Giuoco Pianissimo.} d6 7. a5 h6 8. c3 {[%emt 0:02:33] The position is equal.} Ba7 9. Re1 O-O 10. h3 Ne7 11. Nbd2 Ng6 12. Nf1 c6 13. Bb3 {[%emt 0:04:55] [#]} d5 $5 $146 {[%emt 0:04:13][%mdl 8] An interesting novelty.} ({Predecessor:} 13... Re8 14. Be3 Bxe3 15. Nxe3 d5 16. Qc2 Be6 17. Ba2 Qc7 18. b4 Rad8 19. Nf1 Nf4 {0-1 (37) Matlakov,M (2674)-Sargsyan,S (2628) Warsaw 2021}) 14. exd5 Nxd5 15. Ng3 Re8 16. d4 exd4 17. Rxe8+ Qxe8 18. Bxd5 cxd5 19. Nxd4 Bb8 20. Nf1 Bc7 21. Bd2 Qd8 22. Qa4 Rb8 23. Qa3 (23. Re1 $5 Bd7 24. Qa2 $11) 23... Be6 24. Re1 Nf8 25. b4 Qd6 26. Nb3 Bd7 27. Qc1 Ng6 28. Nc5 Bc6 29. Ng3 (29. Nb3 $11 {keeps the balance.}) 29... d4 30. Nce4 (30. c4 $142) 30... Qd7 $1 $17 {[%emt 0:02:16] aiming for ...f5.} 31. cxd4 Bxg3 ({Much worse is} 31... Qxd4 $6 32. Bc3 Qd5 33. Qxh6 gxh6 34. Nf6+ Kf8 35. Nh7+ Kg8 36. Nf6+ Kf8 37. Nh7+ Kg8 38. Nf6+ $11) 32. Nxg3 {[%emt 0:00:05] [#]} Nh4 $1 $40 {[%emt 0:03:42][%mdl 128] Black attacks with force.} 33. Bxh6 $2 {[%emt 0:02:30][%mdl 8192] White does not recover from this.} Bxg2 $19 ({Weaker is} 33... gxh6 34. Qf4 Qd8 35. Nh5 $11) 34. Qf4 {[%emt 0:01:19] [#]} Nf3+ (34... Qxh3 $142 $1 35. Qxh4 Qxh4 36. Kxg2 Qxh6) 35. Kxg2 Nxe1+ 36. Kh2 Re8 37. Nf5 Qd5 38. Qg4 {[%emt 0:01:33][%csl Gf5,Gh6][%cal Rg4g7] Against Qg2+} g6 {[%emt 0:00:05] Chess con chili.} 39. Nh4 Qe4 40. Qd7 Qe2 {[%emt 0:01:01] Weighted Error Value: White=0.44/Black=0.17 (very precise)} 0-1

[Event "5th Sharjah Masters 2022"]
[Site "Sharjah"]
[Date "2022.05.23"]
[Round "3.4"]
[White "Salem, A.R. Saleh"]
[Black "Hakobyan, Aram"]
[Result "1-0"]
[ECO "E53"]
[WhiteElo "2690"]
[BlackElo "2615"]
[Annotator "TA"]
[PlyCount "99"]
[EventDate "2022.05.21"]
[EventType "swiss"]
[EventCountry "UAE"]
[SourceTitle "playchess.com"]
[Source "ChessBase"]
[SourceQuality "1"]
[TimeControl "5400+30"]

1. d4 Nf6 2. c4 e6 3. Nc3 Bb4 4. e3 O-O 5. Bd3 d5 6. a3 Bxc3+ 7. bxc3 dxc4 8. Bxc4 c5 9. Nf3 Qc7 10. Be2 b6 {[%emt 0:00:56] E53: Nimzo-Indian: Rubinstein: Main Line (4...0-0 5 Nf3 d5 6 Bd3 c5 7 0-0).} 11. Bb2 $1 {[%emt 0:00:16][%mdl 4] is currently scoring better than 11.0-0.} Bb7 12. c4 Nbd7 {[%emt 0:00:49][%cal Bb8d7,Bd7f8,Bf8g6][%mdl 32] The position is equal.} 13. O-O Rfd8 14. h3 Rac8 15. Rc1 Nf8 {[%emt 0:11:10] [#]} 16. a4 $5 $146 {[%emt 0:00:33][%mdl 8] An interesting novelty.} ({Predecessor:} 16. Qb3 Ng6 17. Rfd1 cxd4 18. exd4 Qf4 19. Qe3 Qf5 20. Ne1 Nf4 21. Bf1 h6 22. a4 Rd7 23. Nd3 {½-½ (23) Wojtaszek,R (2728)-Huschenbeth,N (2628) Germany 2021}) 16... Ng6 17. Re1 cxd4 18. exd4 Qf4 19. Qb3 Ne4 20. Rc2 Qf5 21. Bf1 Ng5 (21... h6 $11) 22. Nxg5 $16 Qxg5 23. Re3 Bc6 24. Rc1 Qf4 25. Rg3 (25. a5 $16) 25... e5 (25... Rxd4 $2 26. Rg4 $18) 26. Rg4 Qd2 27. dxe5 Bxa4 28. Qa3 Bd1 ({Black should try} 28... Be8) 29. Bc3 Qh6 30. Rd4 Rxd4 31. Bxd4 Qd2 32. Be3 Qd7 33. Qd6 Ba4 {[%emt 0:00:44] [#]} 34. Ra1 $1 $36 {[%emt 0:00:08][%mdl 2048] Black is under strong pressure.} Qe8 35. e6 {[%emt 0:04:34] Strongly threatening exf7+. White is more active.} Bc6 $2 {[%emt 0:02:45] Loses the game.} (35... f6 $16 {is a better defense.} 36. e7 Kh8) 36. exf7+ $18 ({Much less strong is} 36. Rxa7 Qxe6 37. Qxe6 fxe6 38. Bxb6 Rb8 $18) 36... Qxf7 {[%emt 0:00:04] [#]} 37. Rxa7 $3 Qxa7 38. Qe6+ Qf7 39. Qxc8+ Qe8 40. Qxe8+ Bxe8 41. Bxb6 {[%emt 0:00:05][%mdl 4096] Endgame KBB-KBN} Bc6 42. f3 Kf7 43. Kf2 Nf4 44. Be3 Ne6 45. Bd3 g6 46. h4 Kg7 47. g4 {[%emt 0:00:17] White is clearly winning.} h6 48. Bc1 g5 (48... Ba4 $142 49. f4 Bd7) 49. Bf5 Kf6 50. Bxe6 {[%emt 0:00:17] Weighted Error Value: White=0.04 (flawless) /Black=0.22 (precise)} 1-0

[Event "5th Sharjah Masters 2022"]
[Site "Sharjah"]
[Date "2022.05.23"]
[Round "3.5"]
[White "Sarana, Alexey"]
[Black "Hovhannisyan, Robert"]
[Result "1-0"]
[ECO "D11"]
[WhiteElo "2675"]
[BlackElo "2607"]
[Annotator "TA"]
[PlyCount "71"]
[EventDate "2022.05.21"]
[EventType "swiss"]
[EventCountry "UAE"]
[SourceTitle "playchess.com"]
[Source "ChessBase"]
[SourceQuality "1"]
[TimeControl "5400+30"]

1. d4 d5 2. c4 c6 3. Nf3 Nf6 4. e3 Bg4 5. h3 Bh5 6. Nc3 e6 7. g4 Bg6 8. Ne5 {[%emt 0:00:05] next h4 is good for White. D11: Slav Defence: 3 Nf3 sidelines and 3...Nf6 4 e3 Bg4.} Nbd7 9. h4 dxc4 $1 {[%emt 0:00:58] ...Nxe5 is the strong threat.} 10. Nxg6 {[%emt 0:00:21] The position is equal.} hxg6 11. g5 {[%emt 0:00:04] 11.g5 scores better than 11.Bxc4.} Nd5 12. Bxc4 Bb4 {[%emt 0:03:04] [#]} 13. Qc2 $5 $146 {[%emt 0:01:27][%mdl 8] New and interesting.} ({Predecessor:} 13. Bd2 Qe7 14. Qb3 N7b6 15. Be2 O-O-O 16. a3 Ba5 17. O-O-O e5 18. dxe5 Qxe5 19. Nxd5 Bxd2+ 20. Rxd2 Rxd5 21. Rxd5 cxd5 {½-½ (55) Caruana,F (2796)-Vachier Lagrave,M (2719) Tromsoe 2013}) 13... Qe7 14. e4 N5b6 15. Be2 e5 16. a3 Bd6 17. d5 Bc5 18. Be3 cxd5 19. exd5 Rc8 20. Rd1 Bxe3 21. fxe3 O-O (21... a6 $14 {might be stronger.}) 22. Qe4 {[%emt 0:06:38] aiming for d6. White is more active.} Nc5 (22... f5 $142 23. gxf6 Qxf6) 23. Qg4 e4 24. h5 {[%emt 0:01:56] Hoping for hxg6.} Nd3+ 25. Bxd3 exd3 26. Rxd3 Nc4 27. hxg6 $1 fxg6 {[%emt 0:00:06] [#]} (27... Nxb2 $2 {is a self mate.} 28. Rh8+ $3 Kxh8 29. Qh5+ Kg8 30. Qh7#) 28. Qh3 $1 {[%emt 0:03:23] Black must now prevent Ke2.} Nxb2 $2 {[%emt 0:02:42][%mdl 8192] [#] A mistake that costs the game.} (28... Qe5 $16 29. d6 Nxd6) 29. Rd4 $1 $18 {[%emt 0:03:22] And now Qh7+ would win.} Rxc3 (29... Nc4 30. Qh8+) 30. Qh8+ {[%emt 0:00:52] White mates.} Kf7 31. O-O+ Ke8 32. Rxf8+ Kd7 33. Qh3+ Kd6 34. Qg3+ Kd7 35. Qg4+ Kd6 36. Qf4+ {[%emt 0:39:18] Weighted Error Value: White=0.05 (flawless) /Black=0.35} 1-0

[Event "5th Sharjah Masters 2022"]
[Site "Sharjah"]
[Date "2022.05.23"]
[Round "3.6"]
[White "Puranik, Abhimanyu"]
[Black "Deac, Bogdan-Daniel"]
[Result "0-1"]
[ECO "B95"]
[WhiteElo "2608"]
[BlackElo "2671"]
[Annotator "TA"]
[PlyCount "58"]
[EventDate "2022.05.21"]
[EventType "swiss"]
[EventCountry "UAE"]
[SourceTitle "playchess.com"]
[Source "ChessBase"]
[SourceQuality "1"]
[TimeControl "5400+30"]

1. e4 c5 2. Nc3 d6 3. Nf3 a6 4. d4 cxd4 5. Nxd4 Nf6 6. Bg5 e6 7. Qf3 Nbd7 8. O-O-O Qc7 9. g4 {[%emt 0:07:24] B95: Sicilian Najdorf: 6 Bg5 e6, unusual White 7th moves.} b5 10. a3 Bb7 11. Bg2 {[%emt 0:01:32] [#] The position is equal.} h6 $146 ({Predecessor:} 11... Be7 12. Qe2 Rc8 13. Bh4 Nb6 14. g5 Nfd7 15. f4 Nc4 16. Be1 O-O 17. h4 Ndb6 {0-1 (48) Matsukevich,V (2271)-Quevedo Garcia,V (2283) ICCF email 2019}) 12. Bd2 Ne5 13. Qh3 ({White should play} 13. Qg3 $11) 13... Nexg4 $15 14. Rhf1 Qb6 $36 {[%emt 0:03:09][%mdl 2048] White is under pressure.} 15. Be1 g5 ({Black should try} 15... Be7 $17) 16. Kb1 (16. f4 $11 {remains equal.} Bg7 17. Bf3) 16... Rg8 $17 17. Nce2 (17. Bf3 $15 Ne5 18. Bg2) 17... Be7 18. Nb3 a5 {[%emt 0:04:25] Black is more active.} 19. f3 {[%emt 0:09:11] [#]} Ne5 ({Inferior is} 19... Ne3 20. Bf2 d5 21. e5 $11) 20. f4 gxf4 21. Rxf4 {[%emt 0:00:16] [#]} b4 $1 {[%emt 0:03:58] ...bxa3 is the strong threat.} 22. axb4 {[%emt 0:00:06] White does not recover from this.} (22. a4 $17 {might work better.}) 22... axb4 $19 23. Ned4 $2 {[%emt 0:00:02] [#]} (23. Bf2 Qa6 24. Nec1) 23... Rxg2 $1 24. Qxg2 Qa6 {[%emt 0:00:16] Hoping for ...Qa2+.} 25. Bxb4 Nxe4 ({Not} 25... Ng6 $2 26. Rxf6 Qa2+ 27. Kc1 Bxf6 28. Kd2 $19) (25... Qa2+ $142 26. Kc1 Nc4) 26. Rxe4 Bxe4 {[%emt 0:00:30] This bishop pair is nice.} 27. Qg8+ Kd7 28. Nc5+ dxc5 29. Nf3+ Kc7 {[%emt 0:00:17] Weighted Error Value: White=1.36/Black=0.30} 0-1